 Dungeon Crawl Stone Soup version 0.31-a0-246-g8cbcc1cb85 (webtiles) character file.

Game seed: 15734670705757366479

38 ryw the Changeling (level 3, -1/29 HPs)
             Began as a Demigod Shapeshifter on July 12, 2023.
             Splashed by a jelly's acid (5 damage)
             ... on level 3 of the Dungeon.
             The game lasted 00:05:40 (2546 turns).

ryw the Changeling (Demigod Shapeshifter)           Turns: 2546, Time: 00:05:41

Health: -1/29      AC: -10   Str: 20    XL:     3   Next: 10%
Magic:  5/5        EV: 12    Int: 10    God:
Gold:   126        SH:  0    Dex: 14    Spells: 2/2 levels left

rFire   . .          .
                       - Unarmed
rCold   . . .        (no shield)
rNeg    . . .        a - +0 animal skin
rPois   .            (helmet currently unavailable)
rElec   .            (cloak currently unavailable)
rCorr   .            l - melded +0 pair of gloves
SInv    .            (boots currently unavailable)
Will    .....        (no amulet)
Stlth   +            (no ring)
HPRegen 0.24/turn    (no ring)
MPRegen 0.09/turn

%: no passive effects
@: about to teleport, beast-form, corroded
A: beast (slay +2), high MP 1, forlorn, divine attributes
a: no special abilities


You were on level 3 of the Dungeon.
You were a hulking beast.
You visited 1 branch of the dungeon, and saw 3 of its levels.

You collected 126 gold pieces.

Inventory:

Missiles
 e - 6 poisoned darts
Armour
 a - a +0 animal skin (worn)
 l - a +0 pair of gloves (melded)
Jewellery
 i - a ring of wizardry
Talismans
 c - a beast talisman
 k - a maw talisman
Potions
 b - a potion of curing {unknown}
 d - a potion of heal wounds
 f - a potion of attraction {unknown}
 g - a potion of invisibility {unknown}
 j - a potion of might {unknown}


   Skills:
 - Level 2.0 Fighting
 - Level 2.0 Dodging
 * Level 2.7 Unarmed Combat
 + Level 3.0 Shapeshifting


You had 2 spell levels left.
You didn't know any spells.
Your spell library contained the following spells:

 Spells                   Type           Power      Damage    Failure   Level
 Foxfire                  Conj/Fire      0%         2x1d4     36%         1
 Ensorcelled Hibernation  Hex/Ice        0%         N/A       50%         2
 Passwall                 Tmut/Erth      0%         N/A       50%         2
 Swiftness                Air            0%         N/A       75%         3
 Vhi's Electric Charge    Tloc/Air       0%         N/A       75%         3
 Arcjolt                  Conj/Air       0%         1d10      100%        5
 Plasma Beam              Fire/Air       0%         2x1d10    100%        6
 Starburst                Conj/Fire      0%         6d3       100%        6


Dungeon Overview and Level Annotations

Branches:
Dungeon (3/15)


Innate Abilities, Weirdness & Mutations

You are a hulking beast.
Your limbs bulge with bestial killing power. (Slay +2)
You have an increased reservoir of magic. (+10% MP)
You shall have no god before yourself.
Your divine heritage dramatically boosts your attributes as you level up.


Message History

You pick up a book of Burglary and begin reading...
You add the spells Passwall, Ensorcelled Hibernation and Swiftness to your library.
No target in view!
A jelly comes into view.
The jelly quivers.
The jelly closely misses you.
You hit the jelly.
Your hands burn!
The jelly is moderately wounded.
The jelly hits you but does no damage.
You hit the jelly. The acid corrodes you!
Your hands burn!
You punch the jelly.
The jelly is heavily wounded.
The jelly hits you. The acid corrodes you!
You are splashed with acid!
You hit the jelly but do no damage.
Your hands burn!
The jelly is heavily wounded.
The jelly closely misses you.
You are too injured to fight recklessly!
You are too injured to fight recklessly!
You hit the jelly.
Your hands burn!
The jelly is severely wounded.
The jelly hits you.
You are splashed with acid.
* * * LOW HITPOINT WARNING * * *
It was a potion of heal wounds.
You feel much better. The jelly hits you.
You are splashed with acid!
Okay, then.
Okay, then.
Unknown command.
As you read the scroll labelled GAQUJO UTUHEY, it crumbles to dust.
It is a scroll of amnesia.
You feel forgetful for a moment. The jelly hits you. The acid corrodes you!
You are splashed with acid!
* * * LOW HITPOINT WARNING * * *
As you read the scroll labelled XEILEO JIUPIRPH, it crumbles to dust.
It is a scroll of identify.
n - a scroll of teleportation The jelly closely misses you.
As you read the scroll of teleportation, it crumbles to dust.
You feel strangely unstable. The jelly hits you.
* * * LOW HITPOINT WARNING * * *
You are splashed with acid.
You die...

#.##.#.##...#....
#.#..#.##........
#...##...........
#..#....##..#...
#....######.....
##..### ##.#..
##..## #....
#..## #.... #h##
.... #J# ... #.#
#.# ..# .## #. ##


You could see a jelly.

Vanquished Creatures
  An adder (D:2)
  An orc (D:3)
  2 ball pythons
  A bat (D:2)
  An endoplasm (D:2)
  2 giant cockroaches (D:2)
  A hobgoblin (D:3)
  2 jackals (D:2)
  4 quokkas
  2 frilled lizards
  4 kobolds
  6 rats
27 creatures vanquished.

Notes
Turn   | Place    | Note
-------+----------+-------------------------------------------
     0 | D:1      | ryw the Demigod Shapeshifter began the quest for the Orb.
     0 | D:1      | Reached XP level 1. HP: 17/17 MP: 3/3
  1285 | D:2      | Reached XP level 2. HP: 19/24 MP: 4/4
  2422 | D:3      | Reached skill level 3 in Shapeshifting
  2422 | D:3      | Reached XP level 3. HP: 21/29 MP: 5/5
  2546 | D:3      | Splashed by a jelly's acid

Illustrated notes

Levels and vault maps discovered:
D:1:      minmay_arrival_four_loops, layout_basic
D:2:      layout_loops_corners, basic_altar
D:3:      layout_rooms, nicolae_uskayaw_dance_hall, mainiacjoe_overflow_alcove_1

Skill      XL: |  1  2 |
---------------+-------+-----
Fighting       | 2 |  2.0
Dodging        | 2 |  2.0
Unarmed Combat | 2 |  2.7
Shapeshifting  | 3 |  3.0

Action                     || total
---------------------------++-------
  Melee: Unarmed           ||    72
         Punch             ||     2
    Use: Potion            ||     2
         Scroll            ||     3
   Stab: Sleeping          ||     1
 Armour: Skin              ||     3
         Animal skin       ||     7
  Dodge: Dodged            ||    44
         Form:             ||     1
         Beast             ||     1
         Maw               ||     1

Table legend: (Time is in decaauts)
 A = Elapsed time spent in this place.
 B = Non-inter-level travel time spent in this place.
 C = Inter-level travel time spent in this place.
 D = Time resting spent in this place.
 E = Time spent auto-exploring this place.
 F = Levels seen in this place.
 G = Mean time per level.
                   A        B        C        D        E       F      G
               +--------+--------+--------+--------+--------+-----+--------+
         Total |   2544 |   2493 |     51 |    314 |   1876 |   3 |  848.0 |
       Dungeon |   2544 |   2493 |     51 |    314 |   1876 |   3 |  848.0 |
               +--------+--------+--------+--------+--------+-----+--------+

Top non-repeatable levels by time:
     D:1: 1278 daAuts
     D:2: 910 daAuts
     D:3: 355 daAuts
